 Dungeon Crawl Stone Soup version 0.32-a0-411-g744942f433 (webtiles) character file.

Game seed: 17041670045817534712

1936 cforsyth the Slasher (level 9, -1/72 HPs)
             Began as a Coglin Gladiator on Feb 21, 2024.
             Succumbed to an orc wizard's poison
             ... on level 6 of the Dungeon.
             The game lasted 00:07:39 (7093 turns).

cforsyth the Slasher (Coglin Gladiator)             Turns: 7093, Time: 00:07:39

Health: -1/72      AC: 11    Str: 14    XL:     9   Next: 18%
Magic:  9/9        EV:  8    Int:  8    God:
Gold:   190        SH:  0    Dex: 20    Spells: 8/8 levels left

rFire   . . .        a - +0 long sword {Suphaphon}
rCold   . . .        p - +2 dagger (venom) {Prasit}
rNeg    . . .        q - +0 chain mail
rPois   .            c - +0 helmet
rElec   .            g - scarf {repulsion}
rCorr   .            (no gloves)
SInv    .            (no boots)
Will    +....        (no amulet) Stlth
                     (no ring)
HPRegen 0.32/turn    (no ring)
MPRegen 0.11/turn

%: repel missiles
@: confused, brilliant, lethally poisoned (-1 -> -31), enlightened, flying,
hasted, revved, very quick
A: off-hand wielding, slow wielding, warmup strikes, legs shutdown
a: no special abilities


You were on level 6 of the Dungeon.
You visited 2 branches of the dungeon, and saw 7 of its levels.

You collected 190 gold pieces.


Innate Abilities, Weirdness & Mutations

You can wield a second weapon in your off-hand.
It takes a long time for you to wield or remove held weapons.
Your first few attacks do less damage.
Attacking and casting redirects power from your legs.


   Skills:
 + Level 7.1 Fighting
 + Level 7.3 Long Blades
 - Level 1.7 Throwing
 + Level 5.9 Armour
 - Level 2.6 Dodging


You had 8 spell levels left.
You didn't know any spells.
Your spell library contained the following spells:

 Spells                   Type           Power      Damage    Failure   Level
 Sublimation of Blood     Necr           0%         N/A       100%        2
 Petrify                  Alch/Erth      0%         N/A       100%        4
 Irradiate                Conj/Alch      0%         3d11      100%        5

Inventory:

Hand Weapons
 a - a +0 long sword (weapon) {Suphaphon}
 p - a +2 dagger of venom (offhand) {Prasit}
Missiles
 d - 3 throwing nets (quivered) {=f}
 e - a javelin
Armour
 b - a +0 leather armour
 c - a +0 helmet (worn)
 g - a scarf of repulsion (worn)
 q - a +0 chain mail (worn)
Magical Staves
 u - a staff of air {!a}
Wands
 w - a wand of flame (11)
Scrolls
 f - 3 scrolls of immolation {unknown}
 j - a scroll of amnesia
 k - 2 scrolls of teleportation {unknown}
 l - 2 scrolls of vulnerability {unknown}
 m - 3 scrolls of identify {unknown}
 n - 3 scrolls of enchant weapon {unknown}
 o - 2 scrolls of fear
 s - a scroll of noise {unknown}
Potions
 h - a potion of enlightenment
 i - 2 potions of brilliance
 r - a potion of attraction {unknown}
 t - a potion of ambrosia {unknown}
 v - a potion of might {unknown}

Dungeon Overview and Level Annotations

Branches:
Dungeon (6/15)             Temple (1/1) D:5

Altars:
Ashenzari
Cheibriados
Dithmenos
Elyvilon
Fedhas
Gozag
Kikubaaqudgha
Makhleb
Nemelex Xobeh
Qazlal
Sif Muna
Trog
Uskayaw
Vehumet
Xom
Yredelemnul
Zin
The Shining One

...... .....
..:. #.## ...
##...## ..#
#......###o#
#.....[..#W#
#.........)@#
#..........##
.....ß.....#
........$.##
..........#
#........##
####.:....#
###..###...##
#.....####.#


You could see a phantom and an orc.


Message History

Something hits you.
* * * LOW HITPOINT WARNING * * *
You are lethally poisoned!
You hit the phantom with your +2 dagger of venom.
The phantom is lightly damaged.
You slash the phantom with your +0 long sword!
* * * LOW HITPOINT WARNING * * *
You feel extremely sick. Something hits you.
* * * LOW HITPOINT WARNING * * *
You are more poisoned.
The phantom hits you but does no damage.
It was a potion of brilliance.
You feel clever all of a sudden.
You are no longer unable to travel.
* * * LOW HITPOINT WARNING * * *
You feel extremely sick.
You hear some strange, mumbled words.
You are confused.
The phantom barely misses you.
It was a potion of enlightenment.
You feel very buoyant.
You fly up into the air.
* * * LOW HITPOINT WARNING * * *
You feel very sick. Something hits you.
* * * LOW HITPOINT WARNING * * *
You are more poisoned.
The phantom closely misses you.
It was a potion of haste.
You feel yourself speed up.
You die...

Skill      XL: |  1  2  3  4  5  6  7  8  9 |
---------------+----------------------------+-----
Armour         | 1 2 3 4 5 |  5.9
Fighting       | 3 4 5 6 7 |  7.1
Long Blades    | 4 5 7 |  7.3
Throwing       | |  1.7
Dodging        | |  2.6

Action                     |  1- 3 |  4- 6 |  7- 9 || total
---------------------------+-------+-------+-------++-------
  Melee: Long sword        |    87 |   127 |   181 ||   395
         Dagger            |       |    62 |   171 ||   233
    Use: Scroll            |       |       |     2 ||     2
         Potion            |       |       |     3 ||     3
   Stab: Sleeping          |     1 |     3 |       ||     4
 Armour: Leather armour    |    62 |    38 |       ||   100
         Chain mail        |       |    38 |   200 ||   238
  Dodge: Dodged            |    72 |    63 |   101 ||   236
         Repelled          |       |     2 |       ||     2

Levels and vault maps discovered:
D:1:      dpeg_arrival_stonehenge_8_columns, layout_rooms
D:2:      cheibrodos_pilgrimage, layout_basic
D:3:      layout_loops_ring, lightli_temple_of_fire,
          ebering_ecumenical_altar_petrified, kennysheep_generic_room_4
D:4:      layout_layer_cave, vehumet_altar_wand_db, lemuel_round_altar,
          uniq_eustachio, uniq_natasha
D:5:      wander_river, layout_basic, kennysheep_mini,
          nicolae_yredelemnul_corpse_copse, minmay_temple_entry_ruins,
          uniq_edmund, uniq_menkaure, uniq_sigmund
D:6:      minmay_skewed_foursquare, layout_loops_ring, okawaru_gym_becter,
          ebering_ghost_disaster_area, serial_shops, shop,
          serial_bayou_lagoon_a, kennysheep_windowed_goal
Temple:   compressed_dpeg_triangle_lava_temple

Notes
Turn   | Place    | Note
-------+----------+-------------------------------------------
     0 | D:1      | cforsyth the Coglin Gladiator began the quest for the Orb.
     0 | D:1      | Reached XP level 1. HP: 16/16 MP: 1/1
    28 | D:1      | Reached XP level 2. HP: 22/22 MP: 2/2
   205 | D:1      | Reached skill level 1 in Armour
   290 | D:1      | Reached XP level 3. HP: 28/28 MP: 3/3
   751 | D:2      | Reached XP level 4. HP: 31/34 MP: 4/4
   758 | D:2      | Reached skill level 3 in Fighting
   833 | D:2      | Reached skill level 2 in Armour
  1016 | D:2      | Reached skill level 4 in Long Blades
  1016 | D:2      | Reached XP level 5. HP: 21/41 MP: 5/5
  2036 | D:3      | Reached XP level 6. HP: 48/48 MP: 6/6
  2066 | D:3      | Found a faded altar of an unknown god.
  2175 | D:3      | Reached skill level 4 in Fighting
  2399 | D:3      | Found a burning altar of Makhleb.
  2583 | D:3      | Reached skill level 3 in Armour
  2847 | D:4      | Reached skill level 5 in Long Blades
  2847 | D:4      | Reached XP level 7. HP: 44/55 MP: 7/7
  3291 | D:4      | Found a sparkling altar of Nemelex Xobeh.
  3342 | D:4      | Found a radiant altar of Vehumet.
  3448 | D:4      | Noticed Eustachio
  3458 | D:4      | Killed Eustachio
  3459 | D:4      | Reached skill level 5 in Fighting
  3666 | D:4      | Reached skill level 4 in Armour
  3700 | D:4      | Noticed Natasha
  3708 | D:4      | Killed Natasha
  3857 | D:4      | Noticed Natasha
  3864 | D:4      | Killed Natasha
  4049 | D:4      | Noticed Natasha
  4055 | D:4      | Killed Natasha
  4085 | D:5      | Entered Level 5 of the Dungeon
  4085 | D:5      | Noticed Menkaure
  4086 | D:5      | Noticed Edmund
  4304 | D:4      | Found a radiant altar of Vehumet.
  4374 | D:4      | Found a sparkling altar of Nemelex Xobeh.
  4799 | D:4      | Killed Edmund
  4800 | D:4      | Reached XP level 8. HP: 23/63 MP: 8/8
  5400 | D:5      | Noticed Sigmund
  5449 | D:4      | Reached skill level 6 in Long Blades
  5914 | D:5      | Killed Menkaure
  5922 | D:5      | Killed Sigmund
  5923 | D:5      | Reached skill level 6 in Fighting
  5923 | D:5      | Reached skill level 5 in Armour
  6274 | D:5      | Found a glowing golden altar of the Shining One.
  6368 | D:5      | Found a staircase to the Ecumenical Temple.
  6380 | Temple   | Entered the Ecumenical Temple
  6460 | D:5      | Found a basalt altar of Yredelemnul.
  6467 | D:5      | Reached skill level 7 in Long Blades
  6657 | D:5      | Reached XP level 9. HP: 68/71 MP: 9/9
  7066 | D:6      | Reached skill level 7 in Fighting
  7092 | D:6      | HP: 7/72 [poisoned by an orc wizard]
  7093 | D:6      | Succumbed to an orc wizard's poison

Vanquished Creatures
  Sigmund (D:5)
  Eustachio (D:4)
  Menkaure (D:5)
  Edmund (D:4)
  A black bear (D:6)
  A phantom (D:4)
  2 bullfrogs
  A wyvern zombie (D:5)
  2 scorpions
  3 bombardier beetles
  A bullfrog zombie (D:5)
  A hound (D:5)
  3 orc priests
  A centaur zombie (D:5)
  3 sleepcaps
  An iguana (D:5)
  Natasha (thrice) (D:4)
  3 orc wizards
  A scorpion zombie (D:5)
  A killer bee zombie (D:5)
  A hound zombie (D:5)
  6 gnolls
  6 adders
  2 dart slugs
  2 ribbon worms
  22 orcs
  6 endoplasms
  3 giant cockroaches
  9 hobgoblins
  5 jackals
  10 kobolds
  8 quokkas
  6 ball pythons
  6 bats
  3 frilled lizards
  10 goblins
  5 rats
142 creatures vanquished.

Table legend: (Time is in decaauts)
 A = Elapsed time spent in this place.
 B = Non-inter-level travel time spent in this place.
 C = Inter-level travel time spent in this place.
 D = Time resting spent in this place.
 E = Time spent auto-exploring this place.
 F = Levels seen in this place.
 G = Mean time per level.
                   A        B        C        D        E       F      G
               +--------+--------+--------+--------+--------+-----+--------+
         Total |   7133 |   6907 |    226 |    502 |   5411 |   7 | 1019.0 |
       Dungeon |   7131 |   6905 |    226 |    502 |   5411 |   6 | 1188.5 |
        Temple |      1 |      1 |      0 |      0 |      0 |   1 |    1.0 |
               +--------+--------+--------+--------+--------+-----+--------+

Top non-repeatable levels by time:
     D:4: 3097 daAuts
     D:2: 1254 daAuts
     D:5: 1116 daAuts
     D:3: 932 daAuts
     D:1: 598 daAuts
     D:6: 131 daAuts
  Temple: 1 daAuts

Table legend:
 A = Non-vault XP
 B = Vault XP
 C = Vault XP percentage of total XP
 D = Non-vault monster count
 E = Vault monster count
 F = Vault count percentage of total count
                 A         B        C        D         E       F
            +---------+---------+-------+---------+---------+-------
      Total |    1564 |    1203 |  43.5 |     124 |      18 |  12.7
            +---------+---------+-------+---------+---------+-------
        D:1 |      52 |       0 |   0.0 |      20 |       0 |   0.0
        D:2 |     131 |      52 |  28.4 |      29 |       3 |   9.4
        D:3 |     235 |       6 |   2.5 |      26 |       2 |   7.1
        D:4 |     502 |     402 |  44.5 |      28 |       4 |  12.5
        D:5 |     391 |     654 |  62.6 |      16 |       8 |  33.3
        D:6 |     253 |      89 |  26.0 |       5 |       1 |  16.7
            +---------+---------+-------+---------+---------+-------
